 Dungeon Crawl Stone Soup version 0.22-a0-223-g0f5d773 (webtiles) character file.

7 4thArraOfDagon the Vexing (level 2, -3/18 HPs)
             Began as an Octopode Arcane Marksman on Feb 18, 2018.
             Slain by a gnoll
             ... wielding a +0 halberd
              (13 damage)
             ... on level 1 of the Dungeon.
             The game lasted 00:00:49 (155 turns).

4thArraOfDagon the Vexing (Octopode Arcane Marksman) Turns: 155, Time: 00:00:49

Health: -3/18      AC:  1    Str:  9    XL:     2   Next: 0%
Magic:  3/3        EV: 13    Int: 15    God:
Gold:   0          SH:  0    Dex: 12    Spells: 2/3 levels left

rFire    . . .     SeeInvis .   (no weapon)
rCold    . . .     Gourm    .   (no shield)
rNeg     . . .     Faith    .   (helmet restricted)
rPois    .         Spirit   .   (no amulet)
rElec    .         Reflect  .   (no ring)
rCorr    .         Harm     .   (no ring)
MR       .....                  (no ring)
Stlth    ++........             (no ring)
HPRegen  0.06/turn              (no ring)
MPRegen  0.08/turn              (no ring)
                                (no ring)
                                (no ring)

@: no status effects
A: almost no armour, stealthy swim, amphibious, 8 rings, constrict 8, camouflage
1, gelatinous body 1
a: no special abilities


You were on level 1 of the Dungeon.
You were not hungry.

You visited 1 branch of the dungeon, and saw 1 of its levels.

Inventory:

Missiles
 c - a throwing net (quivered)
Potions
 d - a potion of flight {unknown}
Comestibles
 a - a ration


   Skills:
 - Level 1.0 Fighting
 * Level 2.6 Throwing
 - Level 2.0 Dodging
 - Level 1.0 Spellcasting
 - Level 3.0 Hexes


You had 2 spell levels left.
You knew the following spells:

 Your Spells              Type           Power        Failure   Level  Hunger
a - Corona                Hex            #......      7%          1    ##.....


Dungeon Overview and Level Annotations

Branches:
Dungeon (1/15)

Altars:


Innate Abilities, Weirdness & Mutations

You cannot wear most types of armour.
You are very stealthy in the water. (Stealth+)
You are amphibious.
You can wear up to eight rings at the same time.
You can use your tentacles to constrict eight enemies at once.
Your skin changes colour to match your surroundings (Stealth+).
Your rubbery body absorbs attacks. (AC +1, EV +1)


Message History

Quiver which item? (- for none, * to show all) (? for menu, Esc to quit)
Quivering
b - 2 javelins for throwing.
Throwing (i - inventory. (/) - cycle)
b - 2 javelins (quivered)
Press: ? - help, Shift-Dir - straight line, f/p - gnoll
Aim: a gnoll, wielding a halberd (heavily wounded, entangled in a net)
You throw a javelin.
The javelin hits the gnoll but does no damage.
The gnoll is heavily wounded.
The gnoll struggles against the net.
Unknown command.
Throwing (i - inventory. (/) - cycle)
b - a javelin (quivered)
Press: ? - help, Shift-Dir - straight line, f/p - gnoll
Aim: a gnoll, wielding a halberd (heavily wounded, entangled in a net)
You throw a javelin. The javelin hits the gnoll.
The gnoll is severely wounded.
The gnoll struggles against the net.
The net rips apart, and the gnoll comes free!
The gnoll hits you with a halberd!
Ouch! That really hurt!
You die...

#.......######.#..####..
#...........g..#........
####.#..########...##...
#.#.............##...
####.##.########........
.........# #..####.#
.........# #..#
.........# #.g#
.........# #@.#
.......#.# #(.#
.......#.# #.(# .......#
# #..# ######## #..#
#..# #... #.## ..


You could see a gnoll.

Vanquished Creatures
  A leopard gecko (D:1)
  2 bats (D:1)
  A hobgoblin (D:1)
  2 kobolds (D:1)
6 creatures vanquished.

Notes
Turn   | Place    | Note
-------+----------+-------------------------------------------
     0 | D:1      | 4thArraOfDagon the Octopode Arcane Marksman began the quest for the Orb.
     0 | D:1      | Reached XP level 1. HP: 13/13 MP: 2/2
    86 | D:1      | Reached XP level 2. HP: 10/18 MP: 3/3
   155 | D:1      | Slain by a gnoll

Vault maps used:
D:1:      dpeg_arrival_leaves_temple_mockup, minmay_heptomino_d4

Action                   || total
-------------------------++-------
Melee: Unarmed           ||     7
       Constrict         ||     3
       Tentacles         ||     1
Throw: Javelin           ||    10
       Throwing net      ||     3
Armor: Skin              ||     3
Dodge: Dodged            ||     6

Table legend:
 A = Spawn XP
 B = Non-spawn XP
 C = Spawn XP percentage of total XP
 D = Spawn monster count
 E = Non-spawn monster count
 F = Spawn count percentage of total count
 G = Total turns spent on level
                    A         B        C        D         E        F      G
               +---------+---------+-------+---------+---------+-------+---------
         Total |       0 |      10 |   0.0 |       0 |       6 |   0.0 |   155
               +---------+---------+-------+---------+---------+-------+---------
           D:1 |       0 |      10 |   0.0 |       0 |       6 |   0.0 |   155
               +---------+---------+-------+---------+---------+-------+---------
